NCAA
SOUTH CAROLINA GAMECOCKS @ KENTUCKY WILDCATS
05/15/2029
 
TOP OF THE 1ST
South Carolina Gamecocks batting - Pitching for Kentucky Wildcats : LHP Chris Morgan
Pitching: LHP Chris Morgan
Batting: RHB Gerardo Gallegos 0-0: Ball
1-0: DOUBLE (Flyball, 8RXD)
Batting: LHB Gilberto Ortíz 0-0: Called Strike
0-1: Ball
1-1: Foul Ball, location: 2F
1-2: Ball
2-2: Strikes out swinging
Batting: RHB Luis Mercado 0-0: Fly out, F8 (Flyball, 8LM)
Batting: RHB Brandon Smith 0-0: Ball
1-0: Swinging Strike
1-1: Called Strike
1-2: Strikes out swinging
Top of the 1st over - 0 runs, 1 hit, 0 errors, 1 left on base; South Carolina 0 - Kentucky 0
BOTTOM OF THE 1ST
Kentucky Wildcats batting - Pitching for South Carolina Gamecocks : LHP Arnie Veeck
Pitching: LHP Arnie Veeck
Batting: RHB Lewis Childress 0-0: Foul Ball, location: 2F
0-1: Ball
1-1: Bunt for hit - play at first, batter OUT! 2-3
Batting: RHB Johnny Carson 0-0: Ball
1-0: Ball
2-0: Ball
3-0: Base on Balls
Batting: RHB Haywood Young 0-0: Called Strike
0-1: Ball
1-1: Foul Ball, location: 2F
1-2: Foul Ball, location: 2F
1-2: Foul Ball, location: 2F
1-2: Foul Ball, location: 2F
1-2: Ball
Wild Pitch!
Johnny Carson to second
2-2: Strikes out swinging
Batting: RHB Gabriel Sánchez 0-0: SINGLE (Groundball, 56) (infield hit)
Johnny Carson to third
Batting: LHB Caden Cleveland 0-0: Ground out 4-3 (Groundball, 4)
Bottom of the 1st over - 0 runs, 1 hit, 0 errors, 2 left on base; South Carolina 0 - Kentucky 0
TOP OF THE 2ND
South Carolina Gamecocks batting - Pitching for Kentucky Wildcats : LHP Chris Morgan
Batting: RHB Earl Davis 0-0: Ball
1-0: Ball
2-0: Ball
3-0: Base on Balls
Batting: LHB Eric Martin 0-0: Ball
1-0: Ball
2-0: Ball
3-0: Called Strike
3-1: Fielders Choice at 2nd, 3-6 (Groundball, 3)
Batting: RHB Mike Connor 0-0: Called Strike
0-1: Ball
1-1: SINGLE (Groundball, 6S) (infield hit)
Eric Martin to second
Batting: RHB Reggie Gordon 0-0: Called Strike
0-1: Swinging Strike
0-2: Foul Ball, location: 2F
0-2: Ball
1-2: Foul Ball, location: 2F
1-2: Fly out, F4 (Popup, 4S)
Batting: RHB John Lindsey 0-0: Ball
1-0: Ball
2-0: Swinging Strike
2-1: Ball
3-1: Base on Balls
Eric Martin to third
Mike Connor to second
Batting: RHB Gerardo Gallegos 0-0: Called Strike
0-1: SINGLE (Flyball, 78M)
Eric Martin scores
Mike Connor to third
John Lindsey to second
Runner from 3rd tries for Home, SAFE, throw made home
Batting: LHB Gilberto Ortíz 0-0: Foul Ball, location: 2F
0-1: Called Strike
0-2: Foul Ball, location: 2F
0-2: Ground out 1-3 (Groundball, P)
Top of the 2nd over - 2 runs, 2 hits, 0 errors, 2 left on base; South Carolina 2 - Kentucky 0
BOTTOM OF THE 2ND
Kentucky Wildcats batting - Pitching for South Carolina Gamecocks : LHP Arnie Veeck
Batting: RHB Ken Jenkins 0-0: Called Strike
0-1: Foul Ball, location: 2F
0-2: Foul Ball, location: 2F
0-2: Foul Ball, location: 2F
0-2: Ball
1-2: Ball
2-2: Ball
3-2: Strikes out swinging
Batting: RHB Sam Robinson 0-0: Ground out 6-3 (Groundball, 6)
Batting: RHB Jacob Burke 0-0: Ball
1-0: Fly out, F7 (Flyball, 78M)
Bottom of the 2nd over - 0 runs, 0 hits, 0 errors, 0 left on base; South Carolina 2 - Kentucky 0
TOP OF THE 3RD
South Carolina Gamecocks batting - Pitching for Kentucky Wildcats : LHP Chris Morgan
Batting: RHB Luis Mercado 0-0: DOUBLE (Flyball, 8RXD)
Batting: RHB Brandon Smith 0-0: Swinging Strike
0-1: Ground out 5-3 (Groundball, 56S)
Luis Mercado to third
Batting: RHB Earl Davis 0-0: Called Strike
0-1: Called Strike
0-2: Foul Ball, location: 2F
0-2: Strikes out swinging
Batting: LHB Eric Martin 0-0: Called Strike
0-1: Ball
1-1: Foul Ball, location: 2F
1-2: Foul Ball, location: 2F
1-2: Foul Ball, location: 2F
1-2: Ball
2-2: Foul Ball, location: 2F
2-2: Ball
3-2: Foul Ball, location: 2F
3-2: Ground out 4-3 (Groundball, 4M)
Top of the 3rd over - 0 runs, 1 hit, 0 errors, 1 left on base; South Carolina 2 - Kentucky 0
BOTTOM OF THE 3RD
Kentucky Wildcats batting - Pitching for South Carolina Gamecocks : LHP Arnie Veeck
Batting: RHB Billy Forbes 0-0: Ball
1-0: Swinging Strike
1-1: Ball
2-1: SOLO HOME RUN (Line Drive, 9LD), Distance : 325 ft
Batting: RHB Lewis Childress 0-0: Ball
1-0: Ground out 6-3 (Groundball, 6)
Batting: RHB Johnny Carson 0-0: Called Strike
0-1: Foul Ball, location: 2F
0-2: Strikes out swinging
Batting: RHB Haywood Young 0-0: Ball
1-0: Foul Ball, location: 2F
1-1: Foul Ball, location: 2F
1-2: Strikes out looking
Bottom of the 3rd over - 1 run, 1 hit, 0 errors, 0 left on base; South Carolina 2 - Kentucky 1
TOP OF THE 4TH
South Carolina Gamecocks batting - Pitching for Kentucky Wildcats : LHP Chris Morgan
Batting: RHB Mike Connor 0-0: Ball
1-0: Called Strike
1-1: Foul Ball, location: 2F
1-2: Strikes out looking
Batting: RHB Reggie Gordon 0-0: Called Strike
0-1: Ball
1-1: Ball
2-1: Ball
3-1: Base on Balls
Batting: RHB John Lindsey 0-0: Called Strike
0-1: Called Strike
0-2: Ball
1-2: Foul Ball, location: 2F
1-2: Ball
2-2: SINGLE (Line Drive, 4M)
Reggie Gordon to second
Batting: RHB Gerardo Gallegos 0-0: Ball
1-0: Ball
2-0: SINGLE (Line Drive, 56)
Reggie Gordon to third
John Lindsey to second
Runner from 3rd tries for Home, SAFE, throw made home
Batting: LHB Gilberto Ortíz 0-0: Called Strike
0-1: Foul Ball, location: 2F
0-2: Ground out 3-1 (Groundball, 34S)
John Lindsey to third
Gerardo Gallegos to second
Batting: RHB Luis Mercado 0-0: Foul Ball, location: 2F
0-1: Foul Ball, location: 2F
0-2: Ball
1-2: Ball
2-2: Strikes out swinging
Top of the 4th over - 1 run, 2 hits, 0 errors, 2 left on base; South Carolina 3 - Kentucky 1
BOTTOM OF THE 4TH
Kentucky Wildcats batting - Pitching for South Carolina Gamecocks : LHP Arnie Veeck
Batting: RHB Gabriel Sánchez 0-0: Ball
1-0: Ball
2-0: Fly out, F8 (Line Drive, 8LS)
Batting: LHB Caden Cleveland 0-0: Ball
1-0: Swinging Strike
1-1: Ball
2-1: Swinging Strike
2-2: Ball
3-2: Strikes out swinging
Batting: RHB Ken Jenkins 0-0: Foul Ball, location: 2F
0-1: Called Strike
0-2: Strikes out looking
Bottom of the 4th over - 0 runs, 0 hits, 0 errors, 0 left on base; South Carolina 3 - Kentucky 1
TOP OF THE 5TH
South Carolina Gamecocks batting - Pitching for Kentucky Wildcats : LHP Chris Morgan
Pitching: RHP Doug Sales
Batting: RHB Brandon Smith 0-0: Foul Ball, location: 2F
0-1: Ball
1-1: Ball
2-1: Foul Ball, location: 2F
2-2: Ball
3-2: Base on Balls
Batting: RHB Earl Davis 0-0: Foul Ball, location: 2F
0-1: Fly out, F9 (Line Drive, 9D)
Batting: LHB Eric Martin 0-0: Swinging Strike
Passed Ball!
Brandon Smith to second
0-1: 2-RUN HOME RUN (Flyball, 9LD), Distance : 341 ft
Batting: RHB Mike Connor 0-0: Ground out 5-3 (Groundball, 5)
Batting: RHB Reggie Gordon 0-0: Ball
1-0: Foul Ball, location: 2F
1-1: Ball
2-1: Foul Ball, location: 2F
2-2: Foul Ball, location: 2F
2-2: Strikes out swinging
Top of the 5th over - 2 runs, 1 hit, 0 errors, 0 left on base; South Carolina 5 - Kentucky 1
BOTTOM OF THE 5TH
Kentucky Wildcats batting - Pitching for South Carolina Gamecocks : LHP Arnie Veeck
Batting: RHB Sam Robinson 0-0: Ball
1-0: Ball
2-0: Ball
3-0: Base on Balls
Batting: RHB Jacob Burke 0-0: Ball
1-0: Called Strike
1-1: Ball
2-1: Foul Ball, location: 2F
2-2: Strikes out looking
Batting: RHB Billy Forbes 0-0: Ball
1-0: Swinging Strike
1-1: Called Strike
1-2: Strikes out swinging
Sam Robinson steals 2nd base
Batter strikes out.
Batting: RHB Lewis Childress 0-0: Ball
1-0: Called Strike
1-1: 2-RUN HOME RUN (Flyball, 7LD), Distance : 331 ft
Batting: RHB Johnny Carson 0-0: Ball
1-0: Swinging Strike
1-1: Ball
2-1: Called Strike
2-2: SINGLE (Groundball, 25) (infield hit)
Batting: RHB Haywood Young 0-0: Ball
1-0: 2-RUN HOME RUN (Line Drive, 7D), Distance : 359 ft
Pitching: LHP Juan Olivo
Batting: RHB Gabriel Sánchez 0-0: Called Strike
0-1: Ball
1-1: Ground out 6-3 (Groundball, 6)
Bottom of the 5th over - 4 runs, 3 hits, 0 errors, 0 left on base; South Carolina 5 - Kentucky 5
TOP OF THE 6TH
South Carolina Gamecocks batting - Pitching for Kentucky Wildcats : RHP Doug Sales
Batting: RHB John Lindsey 0-0: Called Strike
0-1: Called Strike
0-2: Strikes out swinging
Batting: RHB Gerardo Gallegos 0-0: Ball
1-0: Foul Ball, location: 2F
1-1: Ball
2-1: SINGLE (Line Drive, 56)
Pitching: LHP Paul Seymour
Batting: LHB Gilberto Ortíz 0-0: Called Strike
0-1: Ball
1-1: Swinging Strike
1-2: Strikes out looking
Batting: RHB Luis Mercado 0-0: Ball
1-0: Ground out 4-3 (Groundball, 4)
Top of the 6th over - 0 runs, 1 hit, 0 errors, 1 left on base; South Carolina 5 - Kentucky 5
BOTTOM OF THE 6TH
Kentucky Wildcats batting - Pitching for South Carolina Gamecocks : LHP Juan Olivo
Batting: LHB Caden Cleveland 0-0: Called Strike
0-1: Ground out U3 (Groundball, 3L)
Batting: RHB Ken Jenkins 0-0: Ground out 5-3 (Groundball, 56)
Batting: RHB Sam Robinson 0-0: Ball
1-0: Called Strike
1-1: Called Strike
1-2: Strikes out swinging
Bottom of the 6th over - 0 runs, 0 hits, 0 errors, 0 left on base; South Carolina 5 - Kentucky 5
TOP OF THE 7TH
South Carolina Gamecocks batting - Pitching for Kentucky Wildcats : LHP Paul Seymour
Batting: RHB Brandon Smith 0-0: Fly out, F8 (Flyball, 8LD)
Batting: RHB Earl Davis 0-0: Ball
1-0: Foul Ball, location: 2F
1-1: Foul Ball, location: 2F
1-2: Fly out, F6 (Popup, 6)
Batting: LHB Eric Martin 0-0: Ball
1-0: Ball
2-0: SINGLE (Groundball, 4MD)
Batting: RHB Mike Connor 0-0: Called Strike
0-1: Fly out, F8 (Flyball, 8RM)
Top of the 7th over - 0 runs, 1 hit, 0 errors, 1 left on base; South Carolina 5 - Kentucky 5
BOTTOM OF THE 7TH
Kentucky Wildcats batting - Pitching for South Carolina Gamecocks : LHP Juan Olivo
Batting: RHB Jacob Burke 0-0: Foul Ball, location: 2F
0-1: Fly out, F7 (Flyball, 7S)
Batting: RHB Billy Forbes 0-0: Ground out 5-3 (Groundball, 56S)
Batting: RHB Lewis Childress 0-0: Ball
1-0: Foul Ball, location: 2F
1-1: Ball
2-1: Ball
3-1: Fly out, F7 (Flyball, 7LMF)
Bottom of the 7th over - 0 runs, 0 hits, 0 errors, 0 left on base; South Carolina 5 - Kentucky 5
TOP OF THE 8TH
South Carolina Gamecocks batting - Pitching for Kentucky Wildcats : LHP Paul Seymour
Batting: RHB Reggie Gordon 0-0: Swinging Strike
0-1: Ball
1-1: Fly out, F8 (Flyball, 8RD)
Batting: RHB John Lindsey 0-0: DOUBLE (Line Drive, 9LM)
Batting: RHB Gerardo Gallegos 0-0: Intentional Walk
Batting: LHB Gilberto Ortíz 0-0: Ball
1-0: Ball
2-0: Ball
3-0: Base on Balls
John Lindsey to third
Gerardo Gallegos to second
Batting: RHB Luis Mercado 0-0: Called Strike
0-1: Called Strike
0-2: Strikes out swinging
Batting: RHB Brandon Smith 0-0: Ball
1-0: Ball
2-0: Called Strike
2-1: Ball
3-1: Base on Balls
John Lindsey scores
Gerardo Gallegos to third
Gilberto Ortíz to second
Batting: RHB Earl Davis 0-0: Ball
1-0: Swinging Strike
1-1: Fly out, F7 (Flyball, 7)
Top of the 8th over - 1 run, 1 hit, 0 errors, 3 left on base; South Carolina 6 - Kentucky 5
BOTTOM OF THE 8TH
Kentucky Wildcats batting - Pitching for South Carolina Gamecocks : LHP Juan Olivo
Batting: RHB Johnny Carson 0-0: Ground out 6-3 (Groundball, 6)
Batting: RHB Haywood Young 0-0: Foul Ball, location: 2F
0-1: Foul Ball, location: 2F
0-2: Ball
1-2: Foul Ball, location: 2F
1-2: Ball
2-2: Foul Ball, location: 2F
2-2: Ball
3-2: Strikes out swinging
Batting: RHB Gabriel Sánchez 0-0: Ball
1-0: Ball
2-0: Foul Ball, location: 2F
2-1: Ground out 6-3 (Groundball, 6)
Bottom of the 8th over - 0 runs, 0 hits, 0 errors, 0 left on base; South Carolina 6 - Kentucky 5
TOP OF THE 9TH
South Carolina Gamecocks batting - Pitching for Kentucky Wildcats : LHP Paul Seymour
Batting: LHB Eric Martin 0-0: Ball
1-0: Called Strike
1-1: Foul Ball, location: 2F
1-2: Ball
2-2: Foul Ball, location: 2F
2-2: Fly out, F3 (Line Drive, 3)
Batting: RHB Mike Connor 0-0: Ball
1-0: Foul Ball, location: 2F
1-1: Fly out, F9 (Flyball, 9LS)
Batting: RHB Reggie Gordon 0-0: SINGLE (Line Drive, 7LS)
Batting: RHB John Lindsey 0-0: Ball
1-0: Swinging Strike
1-1: Foul Ball, location: 2F
1-2: Hit by Pitch
Reggie Gordon to second
Batting: RHB Gerardo Gallegos 0-0: Ball
1-0: Ball
Wild Pitch!
Reggie Gordon to third
John Lindsey to second
2-0: Called Strike
2-1: Called Strike
2-2: Ball
3-2: Base on Balls
Pitching: RHP Pedro Flores
Batting: LHB Gilberto Ortíz 0-0: Called Strike
0-1: Ground out U3 (Groundball, 3L)
Top of the 9th over - 0 runs, 1 hit, 0 errors, 3 left on base; South Carolina 6 - Kentucky 5
BOTTOM OF THE 9TH
Kentucky Wildcats batting - Pitching for South Carolina Gamecocks : LHP Juan Olivo
Pitching: RHP Jim Pope
Batting: LHB Caden Cleveland 0-0: Ball
1-0: Ball
2-0: Swinging Strike
2-1: Ball
3-1: Base on Balls
Pinch Hitting: SHB Russ Beasley 0-0: Ball
1-0: Ball
2-0: Called Strike
2-1: Sac Bunt - play at first, batter OUT! 1-4
Caden Cleveland to second
Batting: RHB Sam Robinson 0-0: Ball
1-0: Ball
2-0: Called Strike
2-1: Swinging Strike
2-2: Foul Ball, location: 2F
2-2: Ball
3-2: Base on Balls
Pinch Hitting: RHB Andy Johnston 0-0: Called Strike
0-1: Foul Ball, location: 2F
0-2: Strikes out swinging
Batting: RHB Billy Forbes 0-0: Ball
1-0: Ball
2-0: Ball
3-0: Called Strike
3-1: Foul Ball, location: 2F
3-2: Foul Ball, location: 2F
3-2: Foul Ball, location: 2F
3-2: Base on Balls
Caden Cleveland to third
Sam Robinson to second
Batting: RHB Lewis Childress 0-0: Ball
1-0: Ball
2-0: Ball
3-0: Called Strike
3-1: Called Strike
3-2: Foul Ball, location: 2F
3-2: Strikes out looking
Bottom of the 9th over - 0 runs, 0 hits, 0 errors, 3 left on base; South Carolina 6 - Kentucky 5
Saturday, December 16th, 2017 - OOTP Baseball 18.8 Build 76